 Dungeon Crawl Stone Soup version 0.27-a0-1579-g97d2440184 (webtiles) character file.

Game seed: 2874737043811595062

79863 flotson the Severer (level 15, -14/115 (120) HPs)
             Began as a Demonspawn Delver on July 18, 2021.
             Was an Initiate of Gozag.
             Demolished by an orc warrior (15 damage)
             ... while paralysed by an orc sorcerer
             ... on level 2 of the Orcish Mines.
             The game lasted 00:53:10 (26406 turns).

flotson the Severer (Demonspawn Delver)            Turns: 26406, Time: 00:53:13

HP:   -14/115 (120) AC: 24    Str: 28    XL:     15   Next: 22%
MP:   0/15          EV:  2    Int: 12    God:    Gozag
Gold: 2859          SH:  0    Dex: 15    Spells: 14/14 levels left

rFire    + . .     SeeInvis .   a - +8 demon trident "Rift" {distort, reach+}
rCold    + . .     Faith    .   b - +0 kite shield
rNeg     . . .     Spirit   +   W - +2 plate armour {rC+}
rPois    +         Reflect  .   x - +0 helmet "Tovud" {Harm rF+ Str+4}
rElec    .         Harm     +   (no cloak)
rCorr    .         Rampage  .   (gloves unavailable)
Will     +....                  k - +2 pair of boots
Stlth    ..........             L - amulet of Sophism {Spirit rPois}
HPRegen  0.29/turn              U - +4 ring of slaying
MPRegen  0.14/turn              O - +6 ring of strength

@: paralysed, gold aura, studying Fighting, lightly drained
A: claws 3, molten scales 2, foul stench 2, spiny 2
a: Renounce Religion, Potion Petition, Call Merchant, Bribe Branch


You were on level 2 of the Orcish Mines.
You worshipped Gozag.
Gozag was most pleased with you.
You visited 4 branches of the dungeon, and saw 19 of its levels.
You also visited: Bailey and Gauntlet.

You collected 5884 gold pieces.
You spent 2843 gold pieces at shops.
You paid 182 gold pieces to Gozag.

Inventory:

Hand Weapons
 a - the +8 demon trident "Rift" (weapon) {distort, reach+}
   (You bought it in a shop on level 2 of the Orcish Mines)

   It warps and distorts space around it, and may blink, banish, or inflict
   extra damage upon those it strikes.
   Unwielding it can cause banishment or high damage.
   It can reach especially far, and its reaching attacks ignore other creatures
   in the way.
Missiles
 o - 83 poisoned darts
 v - 73 boomerangs
 J - 2 throwing nets
 M - 9 javelins (quivered)
Armour
 b - a +0 kite shield (worn)
 k - a +2 pair of boots (worn)
 x - the +0 helmet "Tovud" (worn) {Harm rF+ Str+4}
   (You acquired it in a bailey)

   Str:       It affects your strength (+4).
   rF:        It protects you from fire.
   Harm:      It increases damage dealt and taken.
 V - a +1 chain mail of fire resistance
 W - a +2 plate armour of cold resistance (worn)
Jewellery
 q - a ring of protection from cold
 s - an amulet of reflection
 w - a ring of flight
 L - the amulet of Sophism (around neck) {Spirit rPois}
   (You found it in a Gauntlet)

   [amulet of guardian spirit]

   It causes incoming damage to be divided between your reserves of health and
   magic.
   rPois:     It protects you from poison.
 O - a +6 ring of strength (right claw)
 U - a +4 ring of slaying (left claw)
Wands
 c - a wand of acid (7)
 g - a wand of digging (10)
 h - a wand of paralysis (7)
 l - a wand of iceblast (27)
 r - a wand of charming (22)
 E - a wand of flame (81)
 K - a wand of polymorph (11)
 Q - a wand of mindburst (9)
Scrolls
 d - 4 scrolls of teleportation
 j - a scroll of torment
 m - a scroll of vulnerability
 n - a scroll of holy word
 t - 4 scrolls of fog
 z - a scroll of immolation
 A - a scroll of fear
 I - 4 scrolls of enchant armour
 P - 2 scrolls of magic mapping
 R - 5 scrolls of identify
Potions
 f - a potion of heal wounds
 i - 2 potions of lignification
 p - 2 potions of attraction
 u - 2 potions of cancellation
 y - 4 potions of ambrosia
 D - 2 potions of invisibility
 F - 6 potions of curing
 H - 2 potions of mutation
Miscellaneous
 S - a phial of floods
 T - a condenser vane


   Skills:
 + Level 11.6 Fighting
 - Level 15.0 Axes
 * Level 1.2(10.1) Polearms
 + Level 9.6 Throwing
 + Level 9.8 Armour
 + Level 10.0 Dodging
 + Level 4.6 Stealth
 + Level 4.1 Shields
 - Level 10.3 Evocations


You had 14 spell levels left.
You didn't know any spells.
Your spell library contained the following spells:

 Spells                   Type           Power      Damage    Failure   Level
 Animate Skeleton         Necr           0%         N/A       100%        1
 Pain                     Necr           0%         1d4       100%        1
 Slow                     Hex            0%         N/A       100%        2
 Confusing Touch          Hex            0%         N/A       100%        3
 Conjure Flame            Conj/Fire      0%         6-21      100%        3
 Frozen Ramparts          Ice            0%         1d2       100%        3
 Ignite Poison            Fire/Tmut/Pois 0%         N/A       100%        3
 Vampiric Draining        Necr           0%         2d6       100%        3
 Animate Dead             Necr           0%         N/A       100%        4
 Ice Form                 Ice/Tmut       0%         N/A       100%        4
 Leda's Liquefaction      Hex/Erth       0%         N/A       100%        4
 Sticky Flame             Conj/Fire      0%         2d3       100%        4
 Summon Ice Beast         Ice/Summ       0%         N/A       100%        4
 Bolt of Magma            Conj/Fire/Erth 0%         4d4       100%        5
 Borgnjor's Vile Clutch   Necr/Erth      0%         N/A       100%        5
 Fireball                 Conj/Fire      0%         3d3       100%        5
 Iskenderun's Battlesphe  Conj           0%         2d6       100%        5
 Summon Mana Viper        Hex/Summ       0%         N/A       100%        5
 Conjure Ball Lightning   Conj/Air       0%         3x3d6     100%        6
 Death Channel            Necr           0%         N/A       100%        6
 Statue Form              Tmut/Erth      0%         N/A       100%        6
 Monstrous Menagerie      Summ           0%         N/A       100%        7
 Orb of Destruction       Conj           0%         N/A       100%        7


Dungeon Overview and Level Annotations

Branches:
Dungeon (10/15)            Temple (1/1) D:7            Lair (6/6) D:8
 Shoals (0/4) Lair:2       Spider (0/4) Lair:2        Slime (0/5) Lair:5
    Orc (2/2) D:10            Elf (0/3) Orc:2        Bailey (visited)
Gauntlet (visited)

Altars:
Ashenzari
Cheibriados
Dithmenos
Elyvilon
Fedhas
Gozag
Hepliaklqana
Kikubaaqudgha
Makhleb
Nemelex Xobeh
Okawaru
Qazlal
Ru
Sif Muna
Trog
Uskayaw
Vehumet
Wu Jian
Xom
Yredelemnul
Zin
The Shining One
Beogh

Shops:
Orc:2 [(*


Innate Abilities, Weirdness & Mutations

You have claws for hands.
You are mostly covered in molten scales. (AC +3)
You sometimes emit foul miasma when damaged in melee.
You are mostly covered in sharp spines.


Message History

You puncture the orc knight!
You kill the orc knight!
A nearby fungus withers and dies.
The orc warrior hits you from afar with a +0 glaive!
You are too injured to fight recklessly!
You are too injured to fight recklessly!
You are too injured to fight recklessly!
You are too injured to fight recklessly!
You are too injured to fight recklessly!
You are too injured to fight recklessly!
You are too injured to fight recklessly!
You are too injured to fight recklessly!
Unknown command.
Reach: a) +8 demon trident "Rift" {distort, reach+}
Press: ? - help, Dir - move target, f - orc sorcerer
Aim: an orc sorcerer, wielding a +0 dagger of draining and wearing a +0 robe (strong, about 28% to evade the +8 demon trident "Rift")
You puncture the orc sorcerer!
Space bends around the orc sorcerer.
The orc sorcerer is heavily wounded.
The orc warrior hits you from afar with a +0 glaive!
You closely miss the orc sorcerer.
The orc sorcerer is heavily wounded.
The orc sorcerer casts a spell at you.
You suddenly lose the ability to move!
The orc warrior hits you from afar with a +0 glaive!
* * * LOW HITPOINT WARNING * * *
The orc sorcerer hits you but does no damage.
You feel drained.
The orc warrior hits you from afar with a +0 glaive!!
* * * LOW HITPOINT WARNING * * *
A warg comes into view.
The orc warrior hits you but does no damage.
The warg howls!
The orc sorcerer is struck by your spines.
The orc sorcerer hits you with a +0 dagger of draining!
* * * LOW HITPOINT WARNING * * *
You feel drained.
* * * LOW HITPOINT WARNING * * *
The orc warrior hits you from afar with a +0 glaive!
You die...
Your body crumbles into a pile of gold.

##.....#.#.....<..
##.###.##........
####......).....
###............
##.............. .
#.....>......... ...
####....#P..P......
..P..#.#.....#.)........
8...Poo@.......P........
......o○..............[.
∩......#.#.....P..∩...[.
...PPP....##...P...8..).
.P.P.....####...........
.........# ##.......P..
.hPP.#.... #......P... $
.........# ###........
##.......


You could see a warg, an orc sorcerer (strong) and 2 orc warriors.

Vanquished Creatures
  Gastronok (Lair:1)
  2 orc warlords
  A minotaur (Gauntlet)
  2 entropy weavers (Lair:5)
  Josephine (Lair:4)
  Snorg (D:10)
  An ice dragon (Lair:5)
  Harold (D:10)
  Fannar (Lair:1)
  3 hydras
  3 ghost crabs (Lair:5)
  4 catoblepae
  An orc high priest (Orc:2)
  6 death yaks (Lair:6)
  Nergalle (D:9)
  5 fire crabs (Lair:5)
  Pikel (D:7)
  7 orc knights
  The ghost of jimbles the Nimble, a novice SpDe of Okawaru (D:9)
  3 orc sorcerers (Orc:2)
  3 centaur zombies
  2 manticores (Lair:6)
  An ice statue (Lair:5)
  7 black mambas
  An apocalypse crab (Lair:5)
  12 elephants
  16 cane toads
  A gargoyle (D:10)
  A minotaur zombie (Gauntlet)
  A torpor snail (Lair:6)
  Maggie (D:8)
  3 kobold demonologists (D:9)
  Psyche (D:8)
  A demonic crawler (Lair:2)
  6 komodo dragons
  2 rime drakes
  6 trolls
  A queen bee (D:9)
  3 polar bears
  2 hornets (D:9)
  13 blink frogs
  5 dream sheep (Lair:5)
  8 flying skulls (Gauntlet)
  A vampire (D:9)
  7 wyverns
  54 yaks
  A steam dragon (D:7)
  4 wraiths (Lair:4)
  3 basilisks (Lair:4)
  4 vampire mosquitoes (D:9)
  Edmund (D:5)
  2 wargs (Orc:2)
  An acid dragon (D:8)
  21 water moccasins
  Duvessa (D:6)
  3 black bears
  24 orc warriors
  3 sky beasts
  11 ice beasts
  6 centaurs
  8 wolves
  10 ogres
  A phantom (D:3)
  A kobold brigand (D:10)
  14 bullfrogs
  8 scorpions
  Dowan (D:6)
  6 killer bees (D:9)
  4 wights (D:7)
  A howler monkey (D:9)
  2 hounds
  2 jellies
  A gnoll shaman (D:4)
  14 orc priests
  A centaur skeleton (D:5)
  10 orc wizards
  5 hell rats (Lair:5)
  2 iguanas
  3 killer bee zombies
  5 gnolls
  9 adders
  2 shadow imps
  A white imp (Lair:5)
  An ufetubus (D:6)
  2 worms
  3 dart slugs
  43 orcs
  4 endoplasms
  4 giant cockroaches
  14 goblins
  9 hobgoblins
  2 jackals (D:4)
  A quokka (D:1)
  8 ball pythons
  3 bats
  4 frilled lizards
  22 kobolds
  4 rats
525 creatures vanquished.

Vanquished Creatures (others)
  A scorpion (D:5)
  An iguana (D:5)
  An orc (Orc:2)
  31 fungi
  35 plants
  33 withered plants (Gauntlet)
102 creatures vanquished.

Grand Total: 627 creatures vanquished

Notes
Turn   | Place    | Note
-------+----------+-------------------------------------------
     0 | D:5      | flotson the Demonspawn Delver began the quest for the Orb.
     0 | D:5      | Reached XP level 1. HP: 18/18 MP: 1/1
     1 | D:5      | Identified the +5 dagger of the Lost Underlurkers {vorpal,
                  | Dex+3}
     8 | D:5      | Killed an iguana
   115 | D:3      | Noticed a phantom
   138 | D:2      | Reached skill level 2 in Axes
   138 | D:2      | Gained mutation: You are partially covered in molten
                  | scales. (AC +2) [demonic ancestry]
   138 | D:2      | Reached XP level 2. HP: 24/24 MP: 2/2
   653 | D:1      | Gained mutation: You may rarely emit foul miasma when
                  | damaged in melee. [demonic ancestry]
   653 | D:1      | Reached XP level 3. HP: 29/29 MP: 3/3
   716 | D:1      | Reached skill level 1 in Armour
   741 | D:1      | Found a faded altar of an unknown god.
  1221 | D:2      | Gained mutation: You have sharp fingernails. [demonic
                  | ancestry]
  1221 | D:2      | Reached XP level 4. HP: 22/35 MP: 4/4
  1626 | D:3      | Killed a phantom
  1627 | D:3      | Reached skill level 1 in Throwing
  1627 | D:3      | Reached skill level 1 in Evocations
  1627 | D:3      | Reached XP level 5. HP: 29/41 MP: 5/5
  2734 | D:3      | Gained mutation: You have very sharp fingernails. [demonic
                  | ancestry]
  2734 | D:3      | Reached XP level 6. HP: 32/48 MP: 6/6
  3546 | D:5      | Reached skill level 3 in Axes
  3704 | D:5      | Noticed Edmund
  3710 | D:5      | Killed Edmund
  3745 | D:5      | Reached XP level 7. HP: 36/54 MP: 7/7
  3901 | D:5      | HP: 2/54 [orc priest/nerve-wracking pain (9)]
  4615 | D:5      | Found the +2 hat of the Bear Spirit {Spirit, +Rage rN+
                  | Will++}
  4730 | D:6      | Noticed Duvessa
  4730 | D:6      | Noticed Dowan
  4744 | D:6      | Killed Duvessa
  4759 | D:6      | Killed Dowan
  5292 | D:6      | Reached XP level 8. HP: 53/61 MP: 8/8
  5357 | D:6      | Reached skill level 4 in Axes
  5429 | D:6      | Reached skill level 5 in Fighting
  6108 | D:7      | Found a flagged portal.
  6129 | Bailey   | Entered a bailey
  6138 | Bailey   | Noticed an orc warlord
  6358 | Bailey   | Found a runed translucent gate.
  6370 | Bailey   | Found a runed translucent gate.
  6371 | Bailey   | Found a runed translucent gate.
  6377 | Bailey   | Noticed an orc knight
  6464 | Bailey   | Killed an orc knight
  6465 | Bailey   | Gained mutation: You sometimes emit foul miasma when
                  | damaged in melee. [demonic ancestry]
  6465 | Bailey   | Reached XP level 9. HP: 69/69 MP: 9/9
  6547 | Bailey   | Acquired the +0 helmet of the Circus Animal {Int+4}
  6554 | Bailey   | Acquired a manual of Axes
  6556 | Bailey   | Acquired the +0 helmet "Tovud" {Harm rF+ Str+4}
  6987 | Bailey   | Killed an orc warlord
  6988 | Bailey   | Reached skill level 6 in Axes
  6988 | Bailey   | Reached skill level 5 in Armour
  6988 | Bailey   | Reached skill level 5 in Dodging
  6988 | Bailey   | Reached skill level 5 in Evocations
  7025 | Bailey   | Identified the +7 hand axe "Migabef" {antimagic, rC+}
  7027 | Bailey   | Acquired 646 gold pieces
  7029 | Bailey   | Reached skill level 13 in Axes
  7029 | Bailey   | Gained mutation: You are partially covered in sharp spines.
                  | [demonic ancestry]
  7029 | Bailey   | Reached XP level 10. HP: 77/77 MP: 10/10
  7134 | D:7      | Reached skill level 5 in Throwing
  7172 | D:7      | Found a staircase to the Ecumenical Temple.
  7191 | Temple   | Entered the Ecumenical Temple
  7603 | D:7      | Gained mutation: You have claws for hands. [demonic
                  | ancestry]
  7603 | D:7      | Reached XP level 11. HP: 83/83 MP: 11/11
  8106 | D:8      | Noticed Psyche
  8205 | D:8      | Noticed Pikel
  8222 | D:7      | Killed Pikel
  8621 | D:8      | Noticed Maggie
  8636 | D:8      | Killed Maggie
  8791 | D:8      | Killed Psyche
  8868 | D:8      | Found a staircase to the Lair.
  9316 | D:9      | Noticed a soul eater
  9841 | D:9      | Found a large runed translucent door.
  9843 | D:9      | Found a large runed translucent door.
 10215 | D:9      | Found a burning altar of Makhleb.
 10250 | D:9      | Found a transporter.
 10252 | D:9      | Found a transporter.
 10254 | D:9      | Noticed jimbles's ghost (novice SpDe)
 10565 | D:9      | Found an ancient bone altar of Kikubaaqudgha.
 10575 | D:9      | Found an opulent altar of Gozag.
 10583 | D:9      | Became a worshipper of Gozag Ym Sagoz the Greedy
 10680 | D:10     | Entered Level 10 of the Dungeon
 10926 | D:10     | Noticed a catoblepas
 10937 | D:10     | Killed a catoblepas
 11098 | D:10     | Found a staircase to the Orcish Mines.
 11264 | D:10     | Noticed Nergalle
 11267 | D:10     | Noticed Harold
 11279 | D:10     | Noticed Snorg
 11289 | D:10     | Gained mutation: You are mostly covered in sharp spines.
                  | [demonic ancestry]
 11289 | D:10     | Reached XP level 12. HP: 37/92 MP: 12/12
 11350 | D:10     | Killed Snorg
 11618 | D:10     | Killed Harold
 11649 | D:9      | Killed Nergalle
 12414 | Lair:1   | Entered Level 1 of the Lair of Beasts
 12419 | Lair:1   | Reached skill level 1 in Shields
 12807 | Lair:1   | Noticed Gastronok
 12827 | Lair:1   | Killed Gastronok
 12828 | Lair:1   | Reached skill level 14 in Axes
 13170 | Lair:1   | Noticed Fannar
 13187 | Lair:1   | Killed Fannar
 13988 | Lair:2   | Found a gate leading to a gauntlet.
 13993 | Gauntlet | Entered a Gauntlet
 13993 | Gauntlet | Found a transporter.
 14014 | Gauntlet | Found a transporter.
 14032 | Gauntlet | Found a transporter.
 14032 | Gauntlet | Found a transporter.
 14037 | Gauntlet | Noticed a ghost crab
 14042 | Gauntlet | Found a transporter.
 14063 | Gauntlet | Found a transporter.
 14076 | Gauntlet | Found a transporter.
 14094 | Gauntlet | Found a transporter.
 14098 | Gauntlet | Found a transporter.
 14102 | Gauntlet | Found a runed translucent door.
 14106 | Gauntlet | Found a transporter.
 14115 | Gauntlet | Found a runed translucent door.
 14137 | Gauntlet | Found a transporter.
 14137 | Gauntlet | Found a transporter.
 14165 | Gauntlet | Found a runed translucent door.
 14328 | Gauntlet | Identified the amulet of Sophism {Spirit rPois}
 14337 | Gauntlet | Identified the +2 robe of a sewer {Str+2 Int+3 Stlth+}
 14360 | Gauntlet | Noticed a minotaur
 14525 | Gauntlet | Killed a minotaur
 14549 | Gauntlet | Identified the +0 pair of gloves "Suivegirch" {Rampage
                  | rElec Will++ Dex-4}
 14831 | Lair:2   | Reached XP level 13. HP: 93/100 MP: 13/13
 15138 | Lair:2   | Found a staircase to the Shoals.
 15254 | Lair:2   | Found a hole to the Spider Nest.
 17418 | Lair:4   | Noticed Josephine
 17435 | Lair:4   | Killed Josephine
 18293 | Lair:5   | Found a runed translucent door.
 19535 | Lair:5   | Reached XP level 14. HP: 64/109 MP: 14/14
 19846 | Lair:5   | Found a staircase to the Slime Pits.
 20248 | Lair:6   | Entered Level 6 of the Lair of Beasts
 20664 | Lair:5   | Reached skill level 10 in Fighting
 22949 | Lair:6   | Reached skill level 10 in Evocations
 23764 | D:9      | Killed jimbles's ghost
 24002 | Orc:1    | Entered Level 1 of the Orcish Mines
 24499 | Orc:2    | Entered Level 2 of the Orcish Mines
 24499 | Orc:2    | Found Didyuh's Antique Weapon Boutique.
 24505 | Orc:2    | Paralysed by an orc sorcerer for 6 turns
 24510 | Orc:2    | Reached skill level 15 in Axes
 24515 | Orc:2    | Gained mutation: You are mostly covered in molten scales.
                  | (AC +3) [demonic ancestry]
 24515 | Orc:2    | Reached XP level 15. HP: 52/119 MP: 8/15
 24772 | Orc:2    | Found a staircase to the Elven Halls.
 25168 | Orc:2    | Noticed an orc warlord
 25581 | Orc:1    | Killed an orc warlord
 25958 | Orc:2    | Bought the +8 demon trident "Rift" {distort, reach+} for
                  | 2535 gold pieces
 25958 | Orc:2    | Found the +8 demon trident "Rift" {distort, reach+}
 26087 | Orc:2    | Found Samog's General Store.
 26096 | Orc:2    | Bought a wand of acid (7) for 308 gold pieces
 26206 | Orc:2    | Reached skill level 1 in Polearms
 26314 | Orc:2    | Reached skill level 10 in Dodging
 26393 | Orc:2    | Found Teotz's Antique Armour Shop.
 26404 | Orc:2    | Paralysed by an orc sorcerer for 5 turns
 26406 | Orc:2    | HP: 2/118 [orc sorcerer (9)]
 26406 | Orc:2    | Demolished by an orc warrior

Illustrated notes

Levels and vault maps discovered:
D:1:      dpeg_arrival_windows_large_door, layout_basic,
          hellmonk_ecumenical_altar_zigzags, minmay_domino_2
D:2:      layout_rooms
D:3:      layout_basic
D:4:      layout_basic, minivault_1, minmay_misc_feat_nine_boxes,
          chequers_serial_rivers_micro_e
D:5:      layout_basic, nicolae_ossuary_entry_ruins, lemuel_flame_loot_1,
          uniq_edmund
D:6:      layout_rooms, minmay_misc_feat_square, uniq_duvessa
D:7:      layout_loops_cross, minmay_temple_entry_statues_fountains,
          enter_bailey_5, grunt_ministairs_4
D:8:      layout_basic, grunt_lair_entry_orc_guard_hut, chequers_avenue,
          uniq_psyche, uniq_maggie, uniq_pikel
D:9:      layout_irregular_city, lemuel_doored_altar, jmf_multi_god_temple2,
          gammafunk_ghost_hive
D:10:     layout_long_grid, lemuel_tele_altar, uniq_harold, uniq_nergalle,
          uniq_snorg
Temple:   eino_narrow_crystal_temple
Lair:1:   layout_cave_pods, uniq_fannar, uniq_gastronok
Lair:2:   layout_long_grid, elwin_shoals_entry_rocks,
          nicolae_spider_entry_non_spiders, gauntlet_entry_generic,
          grunt_megastairs_3
Lair:3:   layout_cave_pods
Lair:4:   layout_cave_pods, grunt_megastairs_2, uniq_josephine
Lair:5:   gammafunk_mikee_crab_dinner, layout_regular_city, slime_dummy,
          st_stairs_6, ice2_lemuel
Lair:6:   evilmike_catoblepas_cave, layout_hall_layers,
          infiniplex_staircase_pool, lemuel_fruit_tree
Orc:1:    layout_diamond_mine
Orc:2:    grunt_orc_gardens, layout_caves, grunt_orc_garden, grunt_orc_garden,
          grunt_orc_garden, grunt_orc_garden, david_defended_altar_orc,
          uniq_erolcha

Skill      XL: |  1  2  3  4  5  6  7  8  9 10 11 12 13 14 15 |
---------------+----------------------------------------------+-----
Axes           | 2 3 4 13 14 15 | 15.0
Dodging        | 2 3 4 5 6 7 8 9 10 | 10.0
Armour         | 1 2 3 4 5 6 7 8 9 |  9.8
Throwing       | 1 2 3 4 5 6 7 8 9 |  9.6
Evocations     | 1 2 3 4 5 6 7 9 10 | 10.3
Fighting       | 4 5 6 7 8 9 11 | 11.6
Shields        | 3 4 |  4.1
Polearms       | 1 |  1.2
Stealth        | |  4.6

Action                   |  1- 3 |  4- 6 |  7- 9 | 10-12 | 13-15 || total
-------------------------+-------+-------+-------+-------+-------++-------
Melee: Dagger            |    96 |   125 |   214 |       |       ||   435
       Broad axe         |       |       |       |   446 |   632 ||  1078
       Hand axe          |       |       |       |     2 |       ||     2
       Double sword      |       |       |       |       |     9 ||     9
       Demon trident     |       |       |       |       |    46 ||    46
Throw: Dart              |       |     4 |    42 |    31 |       ||    77
       Boomerang         |       |       |   120 |     4 |       ||   124
       Javelin           |       |       |       |       |    12 ||    12
Evoke: Wand              |       |     4 |       |     7 |     9 ||    20
  Use: Potion            |       |       |     9 |     3 |     5 ||    17
       Scroll            |       |       |     6 |    17 |    10 ||    33
 Stab: Sleeping          |     2 |     1 |     2 |     3 |     3 ||    11
       Distracted        |       |     1 |       |       |     6 ||     7
       Petrified         |       |       |       |     2 |       ||     2
       Petrifying        |       |       |       |     1 |       ||     1
       Paralysed         |       |       |       |       |     2 ||     2
Armor: Leather armour    |     2 |       |       |       |       ||     2
       Scale mail        |    45 |    64 |    65 |    26 |       ||   200
       Skin              |       |       |    18 |       |       ||    18
       Ring mail         |       |       |       |   132 |   209 ||   341
       Steam dragon scal |       |       |       |    20 |       ||    20
       Plate armour      |       |       |       |       |    45 ||    45
Dodge: Dodged            |    41 |    61 |    69 |   258 |   309 ||   738
Block: Other             |       |    11 |    44 |    72 |       ||   127
       Reflection        |       |       |     4 |     3 |       ||     7
       Buckler           |       |       |       |    76 |   198 ||   274
       Kite shield       |       |       |       |       |     3 ||     3
       Rpst.: Double sword |       |       |       |       |     2 ||     2

Table legend: (Time is in decaauts)
 A = Elapsed time spent in this place.
 B = Non-inter-level travel time spent in this place.
 C = Inter-level travel time spent in this place.
 D = Time resting spent in this place.
 E = Time spent auto-exploring this place.
 F = Levels seen in this place.
 G = Mean time per level.
                   A        B        C        D        E       F      G
               +--------+--------+--------+--------+--------+-----+--------+
         Total |  26293 |  25151 |   1142 |   2752 |  18174 |  21 | 1252.0 |
       Dungeon |  11771 |  11113 |    658 |   1134 |   8168 |  10 | 1177.1 |
        Temple |    195 |    181 |     14 |      0 |    181 |   1 |  195.0 |
          Lair |  10534 |  10125 |    409 |    655 |   8179 |   6 | 1755.7 |
  Orcish Mines |   2161 |   2101 |     60 |    536 |   1093 |   2 | 1080.5 |
        Bailey |    920 |    920 |      0 |    213 |    194 |   1 |  920.0 |
      Gauntlet |    709 |    709 |      0 |    214 |    358 |   1 |  709.0 |
               +--------+--------+--------+--------+--------+-----+--------+

Top non-repeatable levels by time:
  Lair:5: 3148 daAuts
     D:9: 2192 daAuts
  Lair:4: 2060 daAuts
  Lair:6: 1848 daAuts
  Lair:1: 1568 daAuts
   Orc:1: 1554 daAuts
     D:5: 1375 daAuts
    D:10: 1332 daAuts
     D:6: 1189 daAuts
     D:8: 1125 daAuts
     D:4: 1075 daAuts
     D:7: 1044 daAuts
  Lair:3: 1028 daAuts
     D:3: 955 daAuts
  Bailey: 920 daAuts
